 Dungeon Crawl Stone Soup version 0.31-a0-774-g0d66cbabe8 (webtiles) character file.

Game seed: 3168085647998333318

1510 pokeman the Thaumaturge (level 8, 0/44 HPs)
             Began as a Deep Elf Hedge Wizard on Sept 17, 2023.
             Was a Believer of Vehumet.
             Slain by a bullfrog (7 damage)
             ... on level 6 of the Dungeon.
             The game lasted 00:13:56 (6858 turns).

pokeman the Thaumaturge (Deep Elf Hedge Wizard)     Turns: 6858, Time: 00:13:56

Health: 0/44       AC:  5    Str:  7    XL:     8   Next: 53%
Magic:  17/23      EV: 13    Int: 22    God:    Vehumet [**....]
Gold:   362        SH:  5    Dex: 14    Spells: 12/25 levels left

rFire   + . .        J - +1 short sword (venom)
rCold   + + .        (no shield)
rNeg    . . .        K - +0 robe {rC+ rF+}
rPois   +            n - +0 helmet
rElec   .            l - +0 cloak
rCorr   .            (no gloves)
SInv    .            a - +0 pair of boots
Will    .....        m - amulet of reflection
Stlth   ++           s - ring of poison resistance
HPRegen 0.27/turn    u - ring of protection from cold
MPRegen 0.18/turn

%: reflection
@: no status effects
A: no striking features
a: Renounce Religion


You were on level 6 of the Dungeon.
You worshipped Vehumet.
Vehumet was pleased with you.
You visited 2 branches of the dungeon, and saw 7 of its levels.

You collected 362 gold pieces.

Inventory:

Hand Weapons
 E - a +1 hand axe of electrocution
 J - a +1 short sword of venom (weapon)
Missiles
 i - a throwing net
Armour
 a - a +0 pair of boots (worn)
 l - a +0 cloak (worn)
 n - a +0 helmet (worn)
 A - an orb of light
 K - a +0 robe of resistance (worn)
Magical Staves
 q - a staff of earth
 C - a staff of fire
Jewellery
 j - a +6 ring of strength
 m - an amulet of reflection (around neck)
 s - a ring of poison resistance (left hand)
 u - a ring of protection from cold (right hand)
 v - an amulet of guardian spirit
 D - an amulet of regeneration
Wands
 w - a wand of flame (16)
 z - a wand of polymorph (19)
Scrolls
 c - a scroll of amnesia {unknown}
 e - 5 scrolls of silence {unknown}
 g - 4 scrolls of teleportation {unknown}
 h - a scroll of fog {unknown}
 p - 4 scrolls of identify {unknown}
 t - 2 scrolls of vulnerability {unknown}
 y - a scroll of fear {unknown}
 B - 2 scrolls of enchant weapon {unknown}
 F - 3 scrolls of revelation {unknown}
 H - a scroll of blinking {unknown}
Potions
 b - a potion of ambrosia {unknown}
 d - 3 potions of magic
 f - a potion of resistance {unknown}
 k - 2 potions of haste {unknown}
 o - a potion of brilliance {unknown}
 r - 2 potions of heal wounds {unknown}
 x - a potion of invisibility {unknown}
 G - a potion of might {unknown}
 I - a potion of cancellation {unknown}


   Skills:
 - Level 2.0 Fighting
 + Level 2.3 Armour
 - Level 3.0 Dodging
 - Level 3.1 Stealth
 * Level 9.3 Spellcasting
 + Level 4.7 Conjurations
 - Level 1.1 Summonings
 - Level 1.1 Translocations
 + Level 3.2 Fire Magic
 - Level 1.0 Ice Magic
 - Level 1.2 Air Magic
 + Level 3.7 Earth Magic
 - Level 1.2 Poison Magic
 - Level 1.2 Evocations


You had 12 spell levels left.
You knew the following spells:

 Your Spells              Type           Power      Damage    Failure   Level
a - Magic Dart            Conj           100%       1d8       1%          1
b - Mephitic Cloud        Conj/Pois/Air  20%        N/A       8%          3
c - Call Imp              Summ           30%        N/A       6%          2
d - Blink                 Tloc           30%        N/A       6%          2
e - Freezing Cloud        Conj/Ice/Air   10%        6-21      56%         5

Your spell library contained the following spells:

 Spells                   Type           Power      Damage    Failure   Level
 Sandblast                Erth           52%        2d12      1%          1
 Freeze                   Ice            56%        1d7       4%          1
 Slow                     Hex            40%        N/A       6%          1
 Poisonous Vapours        Pois/Air       30%        N/A       6%          2
 Hailstorm                Conj/Ice       23%        3d7       6%          3
 Cigotuvi's Dreadful Rot  Necr/Pois/Air  26%        N/A       7%          2
 Gell's Gravitas          Tloc           15%        N/A       12%         3
 Teleport Other           Tloc           15%        N/A       12%         3
 Frozen Ramparts          Ice            28%        1d5       13%         3
 Dispersal                Tloc           7%         N/A       99%         6


Dungeon Overview and Level Annotations

Branches:
Dungeon (6/15)             Temple (1/1) D:4

Altars:
Ashenzari
Cheibriados
Dithmenos
Elyvilon
Fedhas
Gozag
Hepliaklqana
Kikubaaqudgha
Makhleb
Nemelex Xobeh
Okawaru
Qazlal
Ru
Sif Muna
Trog
Uskayaw
Vehumet
Wu Jian
Xom
Yredelemnul
Zin
The Shining One

Shops:
D:1 !


Message History

You miscast Mephitic Cloud.
You are very lightly contaminated with residual magic.
Nothing appears to happen.
Unknown command.
Casting: Mephitic Cloud (dangerous; 8% risk of failure)
Confirm with . or Enter, or press ? or * to list all spells.
Aiming: Mephitic Cloud (dangerous; 8% risk of failure)
Press: ? - help, Shift-Dir - straight line The ball explodes into a vile cloud!
The stinking cloud engulfs something but does no damage.
The stinking cloud engulfs you but does no damage.
You hear a shout!
Unknown command.
Unknown command.
You barely miss something. You barely miss something.
You completely miss something.
A bullfrog comes into view.
Found a scroll labelled WIONWA JUWNA and a scroll labelled ZAPROF DETO.
Found a stone staircase leading down.
The bullfrog gives a loud, deep croak!
The bullfrog barely misses you.
You closely miss something.
The bullfrog hits you but does no damage.
Your magical contamination has completely faded away.
You hit the bullfrog.
The bullfrog is poisoned.
The bullfrog is moderately wounded.
You block the bullfrog's attack. Something hits you.
The bullfrog closely misses you.
You hit something but do no damage. You block the bullfrog's attack.
You hit something but do no damage.
The bullfrog hits you but does no damage.
Something hits you but does no damage. The bullfrog hits you.
You hit something. The bullfrog hits you. Something completely misses you.
You hit something. The bullfrog hits you.
* * * LOW HITPOINT WARNING * * *
Something hits you.
* * * LOW HITPOINT WARNING * * *
The bullfrog hits you!
You die...

#.. #.### #...
##..### ..... #
#.)##.# #<....#
..#######)####.#.
......{@..)......
......F##.###....
?...... .... ..
.......####...
....... .....
.....>? ....
....... ....
....... #..


You could see a bullfrog (very poisoned).

Vanquished Creatures
  Sigmund (D:5)
  A water moccasin (D:4)
  A black bear (D:5)
  3 scorpions
  3 electric eels (D:3)
  2 hounds
  4 orc priests
  A jelly (D:4)
  Ijyb (D:5)
  A gnoll bouda (D:5)
  5 iguanas
  A sleepcap (D:5)
  3 orc wizards
  7 gnolls (D:5)
  8 adders
  A white imp (D:3)
  4 worms
  5 dart slugs
  15 orcs
  3 bats
  9 endoplasms
  7 giant cockroaches
  7 goblins
  10 hobgoblins
  5 jackals
  7 kobolds
  6 quokkas
  9 ball pythons
  6 frilled lizards
  3 rats (D:3)
139 creatures vanquished.

Vanquished Creatures (collateral kills)
  Menkaure (D:5)
1 creature vanquished.

Grand Total: 140 creatures vanquished

Notes
Turn   | Place    | Note
-------+----------+-------------------------------------------
     0 | D:1      | pokeman the Deep Elf Hedge Wizard began the quest for the
                  | Orb.
     0 | D:1      | Reached XP level 1. HP: 10/10 MP: 7/7
   336 | D:1      | Reached XP level 2. HP: 16/16 MP: 6/9
   534 | D:1      | Found Badwet's Distillery.
   563 | D:1      | Reached skill level 5 in Spellcasting
   696 | D:1      | Reached XP level 3. HP: 20/20 MP: 3/11
   700 | D:1      | Learned a level 3 spell: Mephitic Cloud
   703 | D:1      | Learned a level 2 spell: Call Imp
   706 | D:1      | Learned a level 2 spell: Blink
  1293 | D:2      | Reached skill level 1 in Fighting
  1372 | D:2      | Reached skill level 1 in Armour
  2422 | D:3      | Found a transporter.
  2436 | D:3      | Found a transporter.
  2760 | D:3      | Reached XP level 4. HP: 25/25 MP: 1/13
  3385 | D:3      | Reached skill level 6 in Spellcasting
  3385 | D:3      | Reached XP level 5. HP: 21/29 MP: 5/15
  3748 | D:4      | Found a staircase to the Ecumenical Temple.
  3759 | Temple   | Entered the Ecumenical Temple
  3831 | Temple   | Became a worshipper of Vehumet
  4003 | D:4      | Noticed a water moccasin
  4017 | D:4      | Killed a water moccasin
  4018 | D:4      | Reached skill level 1 in Air Magic
  4018 | D:4      | Reached skill level 1 in Earth Magic
  4018 | D:4      | Reached skill level 1 in Poison Magic
  4018 | D:4      | Reached skill level 1 in Evocations
  4018 | D:4      | Reached XP level 6. HP: 26/34 MP: 2/17
  4176 | D:3      | Found an opulent altar of Gozag.
  4950 | D:4      | Reached skill level 7 in Spellcasting
  4967 | D:4      | Reached * piety under Vehumet
  4967 | D:4      | Offered knowledge of Kiss of Death by Vehumet.
  5138 | D:4      | Reached skill level 1 in Fire Magic
  5138 | D:4      | Reached XP level 7. HP: 38/38 MP: 13/19
  5375 | D:4      | Found an ancient bone altar of Kikubaaqudgha.
  5492 | D:4      | Learned a level 5 spell: Freezing Cloud
  5588 | D:5      | Entered Level 5 of the Dungeon
  5588 | D:5      | Noticed Sigmund
  5594 | D:5      | Killed Sigmund
  5595 | D:5      | Reached skill level 1 in Ice Magic
  5601 | D:5      | Noticed Ijyb
  5624 | D:5      | Killed Ijyb
  5696 | D:5      | Found a glowing golden altar of the Shining One.
  5800 | D:5      | Reached skill level 8 in Spellcasting
  6128 | D:5      | Reached XP level 8. HP: 42/44 MP: 19/22
  6180 | D:5      | Found a shimmering altar of Xom.
  6180 | D:5      | Found a broken altar of Ashenzari.
  6246 | D:5      | Offered knowledge of Sandblast by Vehumet.
  6343 | D:5      | Reached ** piety under Vehumet
  6620 | D:6      | Noticed Menkaure
  6635 | D:5      | Killed Menkaure
  6636 | D:5      | Reached skill level 9 in Spellcasting
  6858 | D:6      | Slain by a bullfrog

Illustrated notes

Levels and vault maps discovered:
D:1:      roderic_octagonal_star, layout_loops_ring, serial_shops, shop,
          minmay_stone_trees_small, nicolae_concentric_dashed_squares_wild
D:2:      layout_loops_corners, minmay_crystal_room, minmay_door_square
D:3:      gammafunk_steamed_eel, layout_basic,
          nicolae_gozag_cash_rules_everything_around_me
D:4:      layout_basic, general_overflow_altar,
          minmay_temple_entry_gardened_gates, minmay_joined_circles
D:5:      layout_gridville, marbit_many_paths, jmf_multi_god_temple, uniq_ijyb,
          uniq_sigmund
D:6:      layout_basic, serial_shops, shop, uniq_jeremiah, uniq_menkaure
Temple:   minmay_temple_bridge_d

Skill      XL: |  1  2  3  4  5  6  7  8 |
---------------+-------------------------+-----
Spellcasting   | 5 6 7 8 9 |  9.3
Fighting       | 1 2 |  2.0
Armour         | 1 2 |  2.3
Conjurations   | 2 3 4 |  4.7
Stealth        | 3 |  3.1
Dodging        | 3 |  3.0
Air Magic      | 1 |  1.2
Earth Magic    | 1 2 3 |  3.7
Poison Magic   | 1 |  1.2
Evocations     | 1 |  1.2
Fire Magic     | 1 2 3 |  3.2
Ice Magic      | 1 |  1.0
Summonings     | |  1.1
Translocations | |  1.1

Action                     |  1- 3 |  4- 6 |  7- 9 || total
---------------------------+-------+-------+-------++-------
  Melee: Dagger            |    22 |    14 |       ||    36
         Whip              |       |    36 |       ||    36
         Hand axe          |       |       |    42 ||    42
         Short sword       |       |       |    64 ||    64
         Punch             |       |       |     1 ||     1
   Cast: Magic Dart        |   137 |   136 |    52 ||   325
         Mephitic Cloud    |     2 |     9 |    19 ||    30
         Blink             |       |     2 |     1 ||     3
         Call Imp          |       |     1 |     3 ||     4
   Stab: Confused          |       |     1 |    12 ||    13
         Distracted        |       |       |     1 ||     1
 Armour: Robe              |    22 |    33 |    49 ||   104
  Dodge: Dodged            |    17 |    55 |    57 ||   129
  Block: Other             |     3 |    13 |    17 ||    33

Table legend: (Time is in decaauts)
 A = Elapsed time spent in this place.
 B = Non-inter-level travel time spent in this place.
 C = Inter-level travel time spent in this place.
 D = Time resting spent in this place.
 E = Time spent auto-exploring this place.
 F = Levels seen in this place.
 G = Mean time per level.
                   A        B        C        D        E       F      G
               +--------+--------+--------+--------+--------+-----+--------+
         Total |   6873 |   6463 |    410 |    721 |   4640 |   7 |  981.9 |
       Dungeon |   6729 |   6461 |    268 |    721 |   4640 |   6 | 1121.5 |
        Temple |    144 |      2 |    142 |      0 |      0 |   1 |  144.0 |
               +--------+--------+--------+--------+--------+-----+--------+

Top non-repeatable levels by time:
     D:3: 1735 daAuts
     D:4: 1340 daAuts
     D:5: 1218 daAuts
     D:1: 1203 daAuts
     D:2: 1167 daAuts
  Temple: 144 daAuts
     D:6: 63 daAuts
